cohdb
Replays
Latest Replays
All Replays
Popular Replays
Top Player Replays
Match Explorer
How It Works
Community
CoH3 Stats
Reddit
Sign in to upload your games and track your stats! →
Sign in with Steam
Match 41141872
Unlisted
Match 41141872
Overview
Messages
Build Orders
End
Construct Barracks
1⁄4-ton 4x4 Truck
Riflemen Squad
Riflemen Squad
Construct Weapon Support Center
M1919 Machine Gun Team
Grenade Package
Engineer Squad
Construct Medical Station
Construct Medical Station
Bazooka Squad
Bazooka Squad
Air Support Center
M3 Armored Personnel Carrier
Grasshopper Recon Run
Construct Motor Pool
Selects Advanced Infantry Battlegroup
Selects Convert to Ranger Squad
Selects Frontline Medical Station
Frontline Medical Station
Grasshopper Recon Run
M24 Chaffee Light Tank
P-47 Strafing Run
Grasshopper Recon Run
Selects Artillery Observers
Selects M2A1 105mm Howitzer Emplacement
M1918 Browning Automatic Rifles
P-47 Strafing Run
la
Ж | Zoomer
艾諾維特
JaCooLHero
0
0
Comments
sign in to comment!
No comments posted yet!